 Dungeon Crawl Stone Soup version 0.23.2-30-g0e89c35649 (webtiles) character file.

Game seed: 8356624113230244823

257 kae the Cudgeler (level 5, -8/48 HPs)
             Began as a Minotaur Abyssal Knight on June 12, 2019.
             Was a Follower of Lugonu.
             Mangled by a gnoll
             ... wielding a +0 flail
              (11 damage)
             ... on level 4 of the Dungeon on June 13, 2019.
             The game lasted 00:04:44 (2899 turns).

kae the Cudgeler (Minotaur Abyssal Knight)          Turns: 2899, Time: 00:04:45

Health: -8/48      AC:  3    Str: 18    XL:     5   Next: 93%
Magic:  5/5        EV: 11    Int:  9    God:    Lugonu [*.....]
Gold:   146        SH:  0    Dex:  9    Spells: 4/4 levels left

rFire    . . .     SeeInvis .   a - +1 mace
rCold    + . .     Gourm    .   (no shield)
rNeg     . . .     Faith    .   b - +0 leather armour
rPois    .         Spirit   .   (helmet restricted)
rElec    .         Reflect  .   (no cloak)
rCorr    .         Harm     .   (no gloves)
MR       .....                  (no boots)
Stlth    +.........             (no amulet)
HPRegen  0.16/turn              p - ring of protection from cold
MPRegen  0.09/turn              (no ring)

@: no status effects
A: retaliatory headbutt, horns 2
a: Depart the Abyss, Renounce Religion


You were on level 4 of the Dungeon.
You worshipped Lugonu.
Lugonu was aware of your devotion.
You were very hungry.

You visited 1 branch of the dungeon, and saw 4 of its levels.
You visited the Abyss 1 time.

You collected 146 gold pieces.

Inventory:

Hand Weapons
 a - a +1 mace (weapon)
Armour
 b - a +0 leather armour (worn)
Jewellery
 p - a ring of protection from cold (left hand)
Scrolls
 g - 2 scrolls of identify {unknown}
 l - a scroll of enchant armour {unknown}
 m - a scroll of teleportation {unknown}
 n - a scroll of remove curse {unknown}
 o - a scroll of enchant weapon {unknown}
Potions
 d - a potion of flight {unknown}
 e - a potion of haste {unknown}
 f - 2 potions of agility {unknown}
 h - 4 potions of degeneration {unknown}
 i - 3 potions of heal wounds {unknown}
 j - a potion of mutation {unknown}
 k - 2 potions of curing {unknown}
 q - a potion of magic {unknown}
Comestibles
 c - 4 rations


   Skills:
 + Level 5.4 Fighting
 * Level 6.3 Maces & Flails
 - Level 2.4 Armour
 - Level 1.1 Dodging
 - Level 1.7 Invocations


You had 4 spell levels left.
You didn't know any spells.
Your spell library contained the following spells:

 Spells                   Type           Power        Failure   Level  Hunger
 Magic Dart               Conj           #...         43%         1    ##.....
 Blink                    Tloc           N/A          58%         2    ###....
 Call Imp                 Summ           #.......     58%         2    ###....
 Slow                     Hex            #.......     58%         2    ###....
 Conjure Flame            Conj/Fire      #.......     82%         3    ####...
 Mephitic Cloud           Conj/Pois/Air  #.......     82%         3    ####...


Dungeon Overview and Level Annotations

Branches:
Dungeon (4/15)
 Temple: D:4-7

Altars:
Nemelex Xobeh


Innate Abilities, Weirdness & Mutations

You reflexively headbutt those who attack you in melee.
You have a pair of horns on your head.


Message History

You kill the gnoll!
Lugonu accepts your kill.
You barely miss the gnoll. You headbutt the gnoll!
The gnoll is severely wounded.
The gnoll hits you with a +0 flail!
* * * LOW HITPOINT WARNING * * *
You barely miss the gnoll.
The gnoll is severely wounded.
A gnoll comes into view. It is wielding a +0 halberd.
The gnoll misses you.
You hit the gnoll.
The gnoll is almost dead.
You hit the gnoll.
The gnoll is almost dead.
The gnoll hits you with a +0 flail.
* * * LOW HITPOINT WARNING * * *
The gnoll hits you from afar with a +0 halberd!
* * * LOW HITPOINT WARNING * * *
The gnoll hits you with a +0 flail!
You die...

#### >.# ##.##
##...##
#####.....##
#.@gg......#
#.###......# #.#
##...#.# #.#
##...#.#
........###.#.#..#
..########.##.##.#
#.###..#..#
##÷h.....## .
#.g.....#


You could see 2 gnolls.

Vanquished Creatures
  A scorpion (D:3)
  A howler monkey (D:3)
  A hound (D:4)
  A gnoll shaman (D:4)
  3 gnolls (D:4)
  2 adders
  2 oozes (D:1)
  2 worms (D:2)
  2 dart slugs
  2 leopard geckos
  An orc (D:3)
  2 giant cockroaches
  6 goblins
  7 hobgoblins
  A quokka (D:2)
  7 bats
  3 frilled lizards
  7 kobolds
  3 rats
54 creatures vanquished.

Notes
Turn   | Place    | Note
-------+----------+-------------------------------------------
     0 | Abyss:1  | kae the Minotaur Abyssal Knight began the quest for the
                  | Orb.
     0 | Abyss:1  | Reached XP level 1. HP: 19/19 MP: 1/1
    55 | Abyss:1  | Noticed a five-headed hydra skeleton
    55 | Abyss:1  | Noticed a raiju
    59 | D:1      | Escaped the Abyss
   357 | D:1      | Reached skill level 3 in Maces & Flails
   357 | D:1      | Reached XP level 2. HP: 25/27 MP: 2/2
   714 | D:1      | Reached * piety under Lugonu
   740 | D:1      | Reached XP level 3. HP: 33/33 MP: 3/3
  1000 | D:2      | Found a sparkling altar of Nemelex Xobeh.
  1102 | D:2      | Reached skill level 4 in Maces & Flails
  1898 | D:3      | Reached XP level 4. HP: 39/41 MP: 4/4
  2383 | D:3      | Reached skill level 5 in Maces & Flails
  2669 | D:4      | Reached skill level 5 in Fighting
  2669 | D:4      | Reached XP level 5. HP: 41/48 MP: 5/5
  2677 | D:3      | Reached skill level 6 in Maces & Flails
  2899 | D:4      | Mangled by a gnoll

Skill      XL: |  1  2  3  4  5 |
---------------+----------------+-----
Maces & Flails | 3 4 5 6 |  6.3
Fighting       | 4 5 |  5.4
Armour         | |  2.4
Dodging        | |  1.1
Invocations    | |  1.7

Action                   |  1- 3 |  4- 6 || total
-------------------------+-------+-------++-------
Melee: Mace              |    83 |    54 ||   137
       Headbutt          |    10 |     4 ||    14
Invok: Depart the Abyss  |     1 |       ||     1
  Eat: Chunk             |     2 |     3 ||     5
Armor: Leather armour    |    27 |    10 ||    37
Dodge: Dodged            |    43 |    22 ||    65
